 Dungeon Crawl Stone Soup version 0.26-a0-1033-gd598b01645 (webtiles) character file.

Game seed: 9475137891218111383

3689 Morbidden the Destroyer (level 9, -1/66 HPs)
             Began as a Demonspawn Conjurer on Dec 10, 2020.
             Was a Follower of Vehumet.
             Slain by a small abomination (17 damage)
             ... on level 2 of the Abyss.
             The game lasted 00:19:04 (12727 turns).

Morbidden the Destroyer (Demonspawn Conjurer)      Turns: 12727, Time: 00:19:04

Health: -1/66      AC:  4    Str:  7    XL:     9   Next: 90%
Magic:  12/19      EV: 19    Int: 24    God:    Vehumet [*.....]
Gold:   526        SH:  0    Dex: 11    Spells: 12/22 levels left

rFire    . . .     SeeInvis +     - Unarmed
rCold    + . .     Faith    .   (no shield)
rNeg     . . .     Spirit   .   i - +2 robe {Archmagi}
rPois    .         Reflect  .   (helmet restricted)
rElec    .         Harm     .   (no cloak)
rCorr    .         Rampage  .   (no gloves)
Will     .....                  (no boots)
Stlth    ++........             (no amulet)
HPRegen  0.21/turn              o - ring of protection from cold
MPRegen  0.16/turn              d - ring of see invisible

@: agile, lightly drained
A: claws 1, horns 1, talons 1, foul stench 1, powered by pain 1, rot immunity
a: Renounce Religion


You were on level 2 of the Abyss.
You worshipped Vehumet.
Vehumet was aware of your devotion.
You visited 2 branches of the dungeon, and saw 10 of its levels.
You visited the Abyss 1 time.

You collected 526 gold pieces.

Inventory:

Missiles
 l - 23 poisoned darts (quivered)
 m - 2 throwing nets
Armour
 i - a +2 robe of the Archmagi (worn)
 j - a +2 robe of willpower
Jewellery
 d - a ring of see invisible (right claw)
 o - a ring of protection from cold (left claw)
Wands
 s - a wand of digging (4)
 u - a wand of disintegration (6)
 x - a wand of iceblast (11)
Scrolls
 b - a scroll of enchant weapon
 e - 2 scrolls of teleportation {unknown}
 f - 3 scrolls of immolation
 h - a scroll of remove curse
 p - a scroll of noise {unknown}
 q - 3 scrolls of torment {unknown}
 v - a scroll of amnesia {unknown}
 y - 2 scrolls of identify
 z - a scroll of blinking {unknown}
Potions
 a - 4 potions of curing
 c - 2 potions of haste
 g - 3 potions of flight
 k - a potion of mutation
 t - a potion of might
 B - a potion of ambrosia {unknown}


   Skills:
 * Level 4.7(4.5) Fighting
 + Level 1.1(0.9) Throwing
 * Level 5.0(4.8) Dodging
 + Level 4.0(3.8) Stealth
 + Level 0.2(0.1) Shields
 * Level 4.1(3.9) Unarmed Combat
 * Level 7.1(6.9) Spellcasting
 * Level 8.2(8.0) Conjurations
 * Level 2.0(1.8) Summonings


You had 12 spell levels left.
You knew the following spells:

 Your Spells              Type           Power        Failure   Level
a - Magic Dart            Conj           ####         1%          1
b - Searing Ray           Conj           ######       1%          2
c - Call Canine Familiar  Summ           ####....     10%         3
z - Iskenderun's Mystic   Conj/Tloc      #####...     14%         4

Your spell library contained the following spells:

 Spells                   Type           Power        Failure   Level
 Freeze                   Ice            ##..         8%          1
 Summon Small Mammal      Summ           ####         3%          1
 Call Imp                 Summ           ####....     4%          2
 Dazzling Flash           Conj/Hex       #####.       4%          3
 Fulminant Prism          Conj/Hex       #####.....   14%         4
 Summon Guardian Golem    Hex/Summ       ###.....     16%         3
 Confusing Touch          Hex            ##......     22%         3
 Gell's Gravitas          Tloc           ##........   22%         3
 Summon Ice Beast         Ice/Summ       ###.....     45%         4
 Summon Lightning Spire   Summ/Air       ###.....     45%         4
 Petrify                  Tmut/Erth      ##......     58%         4
 Metabolic Englaciation   Hex/Ice        ##........   90%         5
 Yara's Violent Unravell  Hex/Tmut       ##........   90%         5


Dungeon Overview and Level Annotations

Branches:
Dungeon (9/15)             Temple (1/1) D:7            Lair (0/6) D:8
    Orc: D:9-12

Altars:
Cheibriados
Dithmenos
Elyvilon
Fedhas
Gozag
Hepliaklqana
Kikubaaqudgha
Makhleb
Nemelex Xobeh
Okawaru
Qazlal
Ru
Sif Muna
Trog
Uskayaw
Vehumet
Wu Jian
Xom
Yredelemnul
Zin
The Shining One

Shops:
D:5 [

Annotations:
D:8 exclusion: ice statue
D:9 Erolcha


Innate Abilities, Weirdness & Mutations

You have sharp fingernails.
You have a pair of small horns on your head.
You have sharp toenails.
You may emit foul miasma when damaged in melee.
You sometimes gain a little power by taking damage.
You are immune to rotting.


Message History

The small abomination hits you!
* * * LOW HITPOINT WARNING * * *
Unknown command.
Unknown command.
Casting: Searing Ray (safe; 1% risk of failure)
Confirm with . or Enter, or press ? or * to list all spells.
Aiming: Searing Ray (safe; 1% risk of failure)
Press: ? - help, Shift-Dir - straight line, f/p - eye of devastation
Aim: an eye of devastation (moderately wounded, 0% to evade)
You feel a surge of power!
The searing ray hits the eye of devastation!
The eye of devastation is heavily wounded. (Press . to maintain the ray.)
The small abomination misses you.
Unknown command.
Unknown command.
The searing ray hits the eye of devastation.
The eye of devastation is heavily wounded.
The small abomination hits you!
You die...

#. .. #..
... ..# #..
#.# #..
#.#.# #.#
#.#.# #.#
#.#..$#.#.#
#...G@..#
#.#..x..#.#
#.#.#.#.#
#.#.#.#.#.#
#.# # # #.#
... ... ...
... #. #.


You could see an eye of devastation and a small abomination.

Vanquished Creatures
  Pikel (D:6)
  Joseph (D:7)
  A steam dragon (D:8)
  A water moccasin (D:5)
  An orc warrior (D:8)
  A sky beast (D:5)
  An ice beast (D:5)
  A phantom (D:6)
  A black bear (D:9)
  A necrophage (D:8)
  3 ogres
  2 centaurs
  2 lemures (D:6)
  A big kobold (D:7)
  A bullfrog (D:8)
  A water moccasin skeleton (D:5)
  A scorpion (D:4)
  14 wights
  A howler monkey (D:9)
  A centaur zombie (D:8)
  2 hounds
  3 jellies (D:8)
  2 orc priests (D:3)
  Jessica (D:2)
  Terence (D:2)
  4 iguanas
  3 orc wizards
  4 worker ants
  A killer bee zombie (D:5)
  3 gnolls (D:8)
  15 adders
  3 white imps
  An ufetubus (D:9)
  An ooze (D:4)
  An adder zombie (D:6)
  2 adder skeletons
  6 worms
  2 dart slugs
  2 leopard geckos
  15 orcs
  8 giant cockroaches
  9 goblins
  6 hobgoblins
  10 jackals
  7 kobolds
  4 quokkas
  A ball python (D:3)
  13 bats
  7 frilled lizards
  8 rats
182 creatures vanquished.

Vanquished Creatures (collateral kills)
  A hound skeleton (D:9)
1 creature vanquished.

Vanquished Creatures (others)
  A fungus (D:8)
  12 plants
13 creatures vanquished.

Grand Total: 196 creatures vanquished

Notes
Turn   | Place    | Note
-------+----------+-------------------------------------------
     0 | D:1      | Morbidden the Demonspawn Conjurer began the quest for the
                  | Orb.
     0 | D:1      | Reached XP level 1. HP: 13/13 MP: 3/3
   184 | D:1      | Gained mutation: You have a pair of small horns on your
                  | head. [demonic ancestry]
   184 | D:1      | Reached XP level 2. HP: 19/19 MP: 0/5
   645 | D:1      | Learned a level 2 spell: Searing Ray
  1246 | D:1      | Gained mutation: You have sharp toenails. [demonic
                  | ancestry]
  1246 | D:1      | Reached XP level 3. HP: 24/24 MP: 2/6
  1897 | D:2      | Noticed Terence
  1910 | D:2      | Killed Terence
  2038 | D:2      | Reached XP level 4. HP: 31/31 MP: 2/7
  2254 | D:2      | Found a sparkling altar of Nemelex Xobeh.
  2420 | D:2      | Reached skill level 1 in Fighting
  2420 | D:2      | Reached skill level 1 in Unarmed Combat
  2462 | D:2      | Noticed Jessica
  2466 | D:2      | Killed Jessica
  2948 | D:3      | Gained mutation: You sometimes gain a little power by
                  | taking damage. [demonic ancestry]
  2948 | D:3      | Reached XP level 5. HP: 37/37 MP: 4/9
  2998 | D:3      | Found an iron altar of Okawaru.
  3994 | D:3      | Reached skill level 5 in Conjurations
  4024 | D:3      | Gained mutation: You are immune to rotting. [demonic
                  | ancestry]
  4024 | D:3      | Reached XP level 6. HP: 31/43 MP: 5/10
  4736 | D:4      | Found a glowing golden altar of the Shining One.
  5566 | D:5      | Entered Level 5 of the Dungeon
  5597 | D:5      | Noticed a sky beast
  5670 | D:5      | Gained mutation: You may emit foul miasma when damaged in
                  | melee. [demonic ancestry]
  5670 | D:5      | Reached XP level 7. HP: 49/50 MP: 6/12
  6668 | D:5      | Reached skill level 6 in Conjurations
  7057 | D:5      | Found Plog's Armour Emporium.
  7273 | D:6      | Found a shimmering altar of Xom.
  7273 | D:6      | Found a shimmering blue altar of Sif Muna.
  7277 | D:6      | Noticed Pikel
  7309 | D:6      | Reached XP level 8. HP: 39/57 MP: 3/15
  7311 | D:6      | Killed Pikel
  7312 | D:6      | Reached skill level 5 in Spellcasting
  7350 | D:6      | Got a masterwork dagger
  7351 | D:6      | Identified the +1 dagger "Doets" {vorpal, rElec Will-
                  | Int+4} (You found it on level 6 of the Dungeon)
  7658 | D:6      | Reached skill level 7 in Conjurations
  7886 | D:6      | Found a blossoming altar of Fedhas.
  8308 | D:7      | Found a staircase to the Ecumenical Temple.
  8333 | D:7      | Learned a level 3 spell: Call Canine Familiar
  8350 | Temple   | Entered the Ecumenical Temple
  8503 | Temple   | Became a worshipper of Vehumet
  8522 | D:7      | Noticed Joseph
  8934 | D:7      | Found a basalt altar of Yredelemnul.
  8960 | D:7      | Gained mutation: You have sharp fingernails. [demonic
                  | ancestry]
  8960 | D:7      | Reached XP level 9. HP: 18/64 MP: 13/18
  9418 | D:7      | Found a shadowy altar of Dithmenos.
  9579 | D:7      | Got a vibrating tin ring
  9580 | D:7      | Identified the cursed ring of Menko {rPois Int-4} (You
                  | found it on level 7 of the Dungeon)
  9802 | D:7      | Killed Joseph
  9803 | D:7      | Reached skill level 1 in Summonings
 10798 | D:7      | Learned a level 4 spell: Iskenderun's Mystic Blast
 10986 | D:8      | Found a burning altar of Makhleb.
 10987 | D:8      | Found a basalt altar of Yredelemnul.
 10991 | D:8      | Found a hide-covered altar of Uskayaw.
 10994 | D:8      | Found a snail-covered altar of Cheibriados.
 11399 | D:8      | Reached skill level 1 in Throwing
 11843 | D:8      | Noticed an ice statue
 11853 | D:8      | Reached skill level 8 in Conjurations
 11935 | D:8      | Found a staircase to the Lair.
 12053 | D:8      | Found a bloodstained altar of Trog.
 12307 | D:9      | Reached * piety under Vehumet
 12307 | D:9      | Offered knowledge of Freeze by Vehumet.
 12422 | D:8      | Reached skill level 5 in Dodging
 12647 | D:9      | Noticed a two-headed ogre
 12714 | D:9      | Noticed Erolcha
 12718 | D:9      | Cast into level 2 of the Abyss (Erolcha)
 12719 | Abyss:2  | Noticed an eye of devastation
 12727 | Abyss:2  | Slain by a small abomination

Illustrated notes

Levels and vault maps discovered:
D:1:      dpeg_arrival_oval, layout_basic, hangedman_abyss_or_decor_lesser_grid,
          hangedman_decor_points
D:2:      layout_loops_ring, nemelex_xobeh_ov_fountains_minmay,
          kennysheep_generic_room_9, uniq_jessica, uniq_terence
D:3:      layout_basic, okawaru_trees_1
D:4:      layout_basic, tso_metal_star, kennysheep_doodads
D:5:      layout_loops_corners, serial_shops, shop
D:6:      layout_basic, fedhas_altar_decomposition,
          chequers_temple_overflow_statue_of_worship, uniq_pikel
D:7:      layout_gridville, grunt_dithmenos_smoke_and_mirrors,
          minmay_temple_entry_slanted, basic_altar,
          chequers_serial_rivers_small_3, uniq_joseph
D:8:      minmay_statue_hallways, layout_basic,
          grunt_temple_overflow_cloverleaf, lightli_temple_of_fire,
          dpeg_oklobed_lair, serial_corexii_hall, chequers_hall_statues_wall_a,
          corexii_hall_statues_i, corexii_hall_statues_s
D:9:      layout_cave_pools, nicolae_ashenzari_panopticon, uniq_erolcha
Temple:   nicolae_temple_figure_zero
Abyss:2:  base: D:1, bh_abyss_exit_grid

Skill      XL: |  1  2  3  4  5  6  7  8  9 |
---------------+----------------------------+-----
Dodging        | 2 3 4 5 |  5.0
Stealth        | 2 3 4 |  4.0
Fighting       | 1 2 3 4 |  4.7
Unarmed Combat | 1 2 3 4 |  4.1
Spellcasting   | 3 4 6 7 |  7.1
Conjurations   | 5 6 7 8 |  8.2
Summonings     | 2 |  2.0
Throwing       | 1 |  1.1
Shields        | |  0.2

Action                   |  1- 3 |  4- 6 |  7- 9 || total
-------------------------+-------+-------+-------++-------
Melee: Unarmed           |    92 |    35 |    66 ||   193
       Headbutt          |     9 |     8 |     8 ||    25
       Kick              |     3 |     3 |    12 ||    18
       Punch             |       |       |     3 ||     3
Throw: Dart              |       |       |    17 ||    17
 Cast: Magic Dart        |    37 |    98 |    82 ||   217
       Searing Ray       |     5 |    23 |    53 ||    81
       Call Canine Famil |       |       |     5 ||     5
       Iskenderun's Myst |       |       |     1 ||     1
  Use: Scroll            |       |     4 |     8 ||    12
       Potion            |       |       |     7 ||     7
 Stab: Sleeping          |     1 |     1 |       ||     2
Armor: Robe              |    51 |    16 |    19 ||    86
Dodge: Dodged            |   104 |    40 |    84 ||   228
Block: Kite shield       |       |       |    10 ||    10

Table legend: (Time is in decaauts)
 A = Elapsed time spent in this place.
 B = Non-inter-level travel time spent in this place.
 C = Inter-level travel time spent in this place.
 D = Time resting spent in this place.
 E = Time spent auto-exploring this place.
 F = Levels seen in this place.
 G = Mean time per level.
                   A        B        C        D        E       F      G
               +--------+--------+--------+--------+--------+-----+--------+
         Total |  12738 |  12368 |    370 |   3042 |   7823 |  11 | 1158.0 |
       Dungeon |  12562 |  12192 |    370 |   3042 |   7683 |   9 | 1395.8 |
        Temple |    166 |    166 |      0 |      0 |    140 |   1 |  166.0 |
         Abyss |      8 |      8 |      0 |      0 |      0 |   1 |    8.0 |
               +--------+--------+--------+--------+--------+-----+--------+

Top non-repeatable levels by time:
     D:8: 2249 daAuts
     D:1: 1860 daAuts
     D:7: 1688 daAuts
     D:5: 1540 daAuts
     D:3: 1537 daAuts
     D:6: 1323 daAuts
     D:4: 1144 daAuts
     D:2: 1066 daAuts
  Temple: 166 daAuts
     D:9: 151 daAuts
 Abyss:2: 8 daAuts
